 Dungeon Crawl Stone Soup version 0.20.1-1-g8b1a95d (console) character file.

2474 hilaritas the Carver (level 9, -7/64 HPs)
             Began as a Vampire Gladiator on Dec 10, 2017.
             Was a Follower of Uskayaw.
             Splashed by a jelly's acid (9 damage)
             ... on level 6 of the Dungeon.
             The game lasted 00:17:15 (6388 turns).

hilaritas the Carver (Vampire Gladiator)            Turns: 6388, Time: 00:17:16

Health: -7/64      AC:  7    Str: 16    XL:     9   Next: 26%
Magic:  0/11       EV: 13    Int: 10    God:    Uskayaw [*.....]
Gold:   283        SH:  5    Dex: 16    Spells: 6/8 levels left

rFire    . . .     SeeInvis +   a - +0 long sword
rCold    + . .     Gourm    .   v - +0 buckler
rNeg     + . .     Faith    .   q - +0 leather armour {rC+}
rPois    .         Spirit   +   c - +1 helmet
rElec    .         Reflect  .   w - +0 cloak
rCorr    .         Harm     .   n - +0 pair of gloves
MR       .....                  (no boots)
Stlth    +++.......             j - amulet of guardian spirit
Regen    0.2/turn               (no ring)
MPRegen  0.2/turn               (no ring)

@: no status effects
A: fangs 3, see invisible, unbreathing
a: Bat Form, Stomp, Renounce Religion


You were on level 6 of the Dungeon.
You worshipped Uskayaw.
Uskayaw was noncommittal.
You were not thirsty.

You visited 1 branch of the dungeon, and saw 7 of its levels.

You collected 283 gold pieces.

Inventory:

Hand Weapons
 a - a +0 long sword (weapon)
 l - a +0 dagger
Armour
 c - a +1 helmet (worn)
 n - a +0 pair of gloves (worn)
 q - a +0 leather armour of cold resistance (worn)
 v - a +0 buckler (worn)
 w - a +0 cloak (worn)
Jewellery
 b - an uncursed ring of ice
 f - an uncursed ring of flight
 j - an amulet of guardian spirit (around neck)
Wands
 s - a wand of flame (24/48)
 u - a wand of disintegration (17/24)
 x - a wand of lightning (12/15)
Scrolls
 g - a scroll of amnesia
 k - 5 scrolls of identify
 o - a scroll of fog
 r - 5 scrolls of remove curse
 t - 2 scrolls of fear
Potions
 e - 8 potions of blood
 h - a potion of invisibility
 m - 2 potions of flight
 p - a potion of agility
 A - a potion of magic {unknown}
 B - a potion of might {unknown}
Books
 i - a book of Minor Magic

   Spells                             Type                      Level
   a - Magic Dart                     Conjuration                  1
   b - Blink                          Translocation                2
   c - Call Imp                       Summoning                    2
   d - Slow                           Hexes                        2
   e - Conjure Flame                  Conjuration/Fire             3
   f - Mephitic Cloud                 Conjuration/Poison/Air       3


   Skills:
 + Level 3.6 Fighting
 - Level 10.0 Long Blades
 - Level 1.5 Throwing
 - Level 3.2 Dodging
 * Level 6.9 Stealth
 * Level 3.8 Shields
 * Level 3.0 Invocations


You had 6 spell levels left.
You knew the following spells:

 Your Spells              Type           Power        Failure   Level  Hunger
a - Blink                 Tloc           N/A          56%         2    ###....


Dungeon Overview and Level Annotations

Branches:
Dungeon (7/15)             Temple (0/1) D:5

Altars:
Ashenzari
Gozag
Hepliaklqana
Nemelex Xobeh
Sif Muna
Uskayaw

Shops:
D:6 :

Annotations:
D:7 Dowan


Innate Abilities, Weirdness & Mutations

You have razor-sharp teeth.
You have supernaturally acute eyesight. (SInv)
You can survive without breathing.


Message History

The jelly is heavily wounded.
The jelly hits you.
* * * LOW HITPOINT WARNING * * *
You are splashed with acid!
The acid burns!
* * * LOW HITPOINT WARNING * * *
The jelly closely misses you.
It was a potion of cancellation.
Your magical effects are unravelling.
You feel magically purged.
You are no longer corroded.
You block the jelly's attack.
Throwing (i - inventory):
d - a throwing net (quivered)
Press: ? - help, Shift-Dir - straight line, f/p - jelly
Aim: a jelly (heavily wounded)
You throw a throwing net.
The throwing net barely misses the jelly.
The jelly hits you.
* * * LOW HITPOINT WARNING * * *
You are splashed with acid!
The acid burns!
You die...

#.##.# #.##⌠⌠# ##.##.#
#)##__## .()##.## #.#P..≈#
##.(...### #(##''####
##.##)...# ####(##..##.#
...##..#.# ##.##(##..##.###
#..##.<#.###....(.........#
#...............(....##.#.#
#..##..#.###>..#.###.##.#.#
...##..#.# ##.##J##.......####
#.###..#.#######@##..........#
#.###..........#.##..##.#.##.#
..........####.#.##..#..#.##.#
..####.###.###.#.##..#.##.##.#
### #.# #...........#.##....#
#.###.###.####..#....#..#
##...## #.# #..###..#..# #####
#.# #..# #..#..# ######## #.#
#..###..#..# #......######.#
#..........# ##.###.(....##.#
#.......#.##


You could see a jelly.

Vanquished Creatures
  Prince Ribbit (D:6)
  Grinder (D:6)
  The ghost of broninjaking the Skirmisher, an amateur DsAK of Lugonu (D:5)
  Menkaure (D:5)
  2 ice beasts
  A sky beast (D:5)
  2 ogres (D:4)
  The ghost of hilaritas the Slasher, an amateur DsAK of Lugonu (D:3)
  3 centaurs
  A big kobold (D:6)
  Blork the orc (D:5)
  A bullfrog (D:6)
  A wyvern zombie (D:7)
  A scorpion (D:4)
  A howler monkey (D:6)
  3 crimson imps
  3 hounds
  A jelly (D:5)
  3 orc wizards
  A bullfrog skeleton (D:6)
  5 worker ants
  A killer bee zombie (D:6)
  A hound zombie (D:5)
  A worker ant zombie (D:5)
  5 adders
  4 gnolls (D:4)
  A worm (D:2)
  4 dart slugs
  5 leopard geckos
  12 orcs
  9 bats
  3 giant cockroaches
  8 goblins
  9 hobgoblins
  9 jackals
  2 quokkas
  A ball python skeleton (D:6)
  12 frilled lizards
  A jackal skeleton (D:6)
  12 kobolds
  A quokka skeleton (D:4)
  7 rats
143 creatures vanquished.

Vanquished Creatures (others)
  A plant (D:1)
1 creature vanquished.

Grand Total: 144 creatures vanquished

Notes
Turn   | Place    | Note
-------+----------+-------------------------------------------
     0 | D:1      | hilaritas the Vampire Gladiator began the quest for the Orb.
     0 | D:1      | Reached XP level 1. HP: 16/16 MP: 1/1
   287 | D:1      | Reached skill level 1 in Stealth
   287 | D:1      | Reached XP level 2. HP: 14/22 MP: 2/2
   669 | D:1      | Reached XP level 3. HP: 19/27 MP: 3/3
   905 | D:2      | Reached skill level 4 in Long Blades
   912 | D:2      | Found a sparkling altar of Nemelex Xobeh.
  1112 | D:2      | Noticed a killer bee
  1664 | D:3      | Reached XP level 4. HP: 23/33 MP: 4/4
  1695 | D:3      | Noticed hilaritas's ghost (amateur DsAK)
  1715 | D:3      | Killed hilaritas's ghost
  1715 | D:3      | Reached skill level 5 in Long Blades
  1715 | D:3      | Reached skill level 1 in Shields
  1715 | D:3      | Reached XP level 5. HP: 6/38 MP: 5/5
  2387 | D:3      | Found a deep blue altar of Sif Muna.
  2537 | D:4      | Reached skill level 6 in Long Blades
  2537 | D:4      | Reached XP level 6. HP: 26/44 MP: 3/6
  2753 | D:4      | Found a hide-covered altar of Uskayaw.
  2753 | D:4      | Noticed a hand axe
  2753 | D:4      | Noticed a dagger
  2766 | D:4      | HP: 2/44 [ogre/giant club (23)]
  2972 | D:4      | Became a worshipper of Uskayaw the Reveler
  3116 | D:4      | Reached * piety under Uskayaw
  3131 | D:4      | Reached ** piety under Uskayaw
  3398 | D:4      | Reached skill level 7 in Long Blades
  3398 | D:4      | Reached XP level 7. HP: 29/51 MP: 3/7
  3508 | D:5      | Entered Level 5 of the Dungeon
  3508 | D:5      | Noticed broninjaking's ghost (amateur DsAK)
  3554 | D:5      | HP: 5/114 [broninjaking's ghost (2)]
  3555 | D:5      | Killed broninjaking's ghost
  3555 | D:5      | Reached skill level 1 in Invocations
  3696 | D:5      | Learned a level 2 spell: Blink
  3800 | D:5      | Found a staircase to the Ecumenical Temple.
  3955 | D:5      | Noticed Blork the orc
  3973 | D:5      | Killed Blork the orc
  4060 | D:5      | Reached skill level 8 in Long Blades
  4103 | D:5      | Reached XP level 8. HP: 34/57 MP: 4/9
  4202 | D:5      | Noticed Menkaure
  4219 | D:5      | Killed Menkaure
  4836 | D:6      | Reached *** piety under Uskayaw
  4840 | D:6      | Reached skill level 9 in Long Blades
  4840 | D:6      | Reached **** piety under Uskayaw
  4850 | D:6      | Reached ***** piety under Uskayaw
  4851 | D:6      | Reached skill level 5 in Stealth
  5144 | D:6      | Noticed Prince Ribbit
  5367 | D:6      | Noticed Grinder
  5376 | D:6      | Paralysed by Grinder for 2 turns
  5382 | D:6      | Paralysed by Grinder for 6 turns
  5392 | D:6      | Paralysed by Grinder for 6 turns
  5407 | D:6      | Killed Grinder
  5633 | D:6      | Found an opulent altar of Gozag.
  5681 | D:6      | Reached XP level 9. HP: 59/64 MP: 8/10
  5769 | D:6      | Found Cebass's Book Emporium.
  5874 | D:6      | Killed Prince Ribbit
  5874 | D:6      | Reached skill level 10 in Long Blades
  6072 | D:6      | Found a hazy altar of Hepliaklqana.
  6072 | D:6      | Found a shattered altar of Ashenzari.
  6356 | D:7      | Noticed Dowan
  6386 | D:6      | HP: 3/64 [acid (7)]
  6388 | D:6      | Splashed by a jelly's acid

Skill      XL: |  1  2  3  4  5  6  7  8  9 |
---------------+----------------------------+-----
Stealth        | 1 2 3 4 5 6 |  6.9
Fighting       | 2 3 |  3.6
Long Blades    | 4 5 6 7 8 9 10 | 10.0
Shields        | 1 2 3 |  3.8
Invocations    | 1 2 3 |  3.0
Throwing       | |  1.5
Dodging        | |  3.2

Action                   |  1- 3 |  4- 6 |  7- 9 || total
-------------------------+-------+-------+-------++-------
Melee: Long sword        |   103 |   199 |   318 ||   620
       Bite              |    10 |    23 |    47 ||    80
Throw: Throwing net      |       |     2 |     2 ||     4
       Tomahawk          |       |       |     7 ||     7
Invok: Line Pass         |       |       |     2 ||     2
       Stomp             |       |       |     1 ||     1
  Use: Potion            |       |     1 |     9 ||    10
       Scroll            |       |     9 |     2 ||    11
 Stab: Sleeping          |     2 |     3 |     4 ||     9
       Paralysed         |       |       |     7 ||     7
       Distracted        |       |       |     1 ||     1
  Eat: Corpse            |     7 |    11 |     8 ||    26
Armor: Ring mail         |    24 |       |       ||    24
       Leather armour    |     9 |    30 |    65 ||   104
       Skin              |       |    10 |    12 ||    22
Dodge: Dodged            |    78 |    94 |   139 ||   311
Block: Buckler           |     3 |    40 |    68 ||   111
       Rpst.: Long sword |    26 |    20 |    39 ||    85
